Map: Dusk Towers

Players

Miszu

  • Race: Terran Terran
  • League: Master

ColonelK - Winner!

  • Race: Protoss Protoss
  • League: Master

VOD

Have the link to the VOD?

Description

Time

  • Played on: June 18, 2016, 1:24 p.m.
  • Length: 5:11
Show
View Real Time Build Order
Export as new Build Order

Miszu Terran 

Build Orders: Reaper Expand 

Get SALT Encoding   

  12  0:00  SCV  
  13  0:12  SCV  
  14  0:18  Supply Depot  
  14  0:25  SCV  
  15  0:39  SCV  
  16  0:44  Barracks  
  16  0:47  Refinery  
  16  0:51  SCV  
  17  1:03  SCV  
  18  1:15  SCV  
  19  1:31  Reaper, Orbital Command  
  20  1:51  Command Center  
  20  1:56  SCV  
  20  1:59  Supply Depot  
  21  2:03  Marine  
  22  2:10  Factory  
  22  2:12  Refinery, SCV  
  23  2:25  Barracks Reactor  
  23  2:26  SCV  
  24  2:38  SCV  
  25  2:50  SCV  
  26  2:56  Factory  
  26  3:01  Factory Tech Lab  
  26  3:02  SCV  
  27  3:09  Orbital Command  
  27  3:14  SCV  
  28  3:20  Cyclone  
  28  3:26  SCV  
  32  3:35  Supply Depot, SCV  
  32  3:38  SCV  
  34  3:46  Hellion x2  
  34  3:47  SCV  
  39  3:50  SCV  
  39  3:52  Cyclone  
  44  3:59  Command Center, SCV  
  44  4:02  SCV  
  46  4:03  Supply Depot  
  46  4:07  Hellion  
  46  4:09  Hellion  
  50  4:12  SCV  
  50  4:16  SCV  
  52  4:30  Hellion  
  54  4:32  Cyclone  
  54  4:33  SCV  
  54  4:34  SCV  
  60  4:39  Hellion  
  60  4:41  Refinery  
  60  4:42  Supply Depot x2, Refinery  
  62  4:46  SCV x2  
  66  4:58  SCV  
  66  4:59  Supply Depot  
  67  5:01  Armory  
Show
View Real Time Build Order
Export as new Build Order

ColonelK Protoss - Winner!

Build Orders: 1 Gate Expand, Oracle Opening 

Get SALT Encoding   

  12  0:00  Probe (Chrono Boost)  
  13  0:11  Probe (Chrono Boost)  
  14  0:19  Pylon  
  14  0:22  Probe (Chrono Boost)  
  15  0:37  Gateway, Probe (Chrono Boost)  
  16  0:43  Assimilator  
  16  0:48  Probe (Chrono Boost)  
  17  0:58  Probe (Chrono Boost)  
  18  1:09  Probe (Chrono Boost)  
  19  1:20  Nexus  
  19  1:23  Probe (Chrono Boost)  
  20  1:36  Probe (Chrono Boost)  
  20  1:37  Cybernetics Core  
  22  1:47  Probe (Chrono Boost)  
  22  1:49  Pylon  
  22  1:52  Assimilator  
  22  1:57  Probe (Chrono Boost)  
  23  2:08  Probe (Chrono Boost)  
  24  2:13  Adept (Chrono Boost), Warp Gate  
  26  2:19  Probe  
  27  2:30  Probe  
  27  2:31  Probe  
  29  2:37  Stalker (Chrono Boost)  
  31  2:52  Probe x2  
  33  3:02  Probe  
  33  3:04  Probe  
  35  3:06  Stargate  
  35  3:13  Probe (Chrono Boost)  
  35  3:16  Pylon, Probe (Chrono Boost)  
  37  3:21  Gateway  
  37  3:25  Probe (Chrono Boost)  
  38  3:28  Probe (Chrono Boost)  
  38  3:29  Gateway  
  39  3:36  Probe (Chrono Boost)  
  39  3:38  Probe (Chrono Boost)  
  39  3:39  Pylon  
  41  3:46  Probe (Chrono Boost)  
  42  3:48  Probe (Chrono Boost)  
  42  3:51  Oracle (Chrono Boost)  
  42  3:55  Probe  
  46  4:00  Probe  
  48  4:04  Nexus  
  48  4:08  Pylon  
  48  4:10  Assimilator  
  48  4:14  Mothership Core  
  50  4:21  Adept x2  
  54  4:28  Probe  
  53  4:33  Stalker  
  53  4:35  Probe, Phoenix (Chrono Boost)  
  58  4:39  Probe  
  58  4:42  Robotics Facility  
  58  4:45  Pylon, Assimilator  
  59  4:49  Stalker  
  61  4:55  Stalker  
  65  5:10  Adept  
Tags
 
Add a new tag
Caveats
  • Supply blocks, unpowered buildings, or Contaminate may cause inaccurate times.
  • Supply counts are checked every 10 seconds.